 Dungeon Crawl Stone Soup version 0.29-a0-609-gb56f46d856 (webtiles) character file.

Game seed: 15930498363691384428

7 KristoblXynda the Skirmisher (level 1, -1/18 HPs)
             Began as a Demonspawn Berserker on June 16, 2022.
             Was a Follower of Trog.
             Slain by a kobold
             ... wielding a +0 short sword
              (4 damage)
             ... on level 1 of the Dungeon.
             The game lasted 00:00:15 (162 turns).

KristoblXynda the Skirmisher (Demonspawn Berserker)  Turns: 162, Time: 00:00:16

Health: -1/18      AC:  2    Str: 17    XL:     1   Next: 91%
Magic:  1/1        EV: 12    Int:  8    God:    Trog [*.....]
Gold:   22         SH:  0    Dex: 12    Spells: 0/0 levels left

rFire   . . .      SeeInvis .   a - +0 hand axe
rCold   . . .      Faith    .   (no shield)
rNeg    . . .      Spirit   .   b - +0 animal skin
rPois   .          Reflect  .   (no helmet)
rElec   .          Harm     .   (no cloak)
rCorr   .          Rampage  .   (no gloves)
Will    .....                   (no boots)
Stlth   +.........              (no amulet)
HPRegen 0.06/turn               (no ring)
MPRegen 0.07/turn               (no ring)

@: no status effects
A: no striking features
a: Renounce Religion, Berserk


You were on level 1 of the Dungeon.
You worshipped Trog.
Trog was aware of your devotion.
You visited 1 branch of the dungeon, and saw 1 of its levels.

You collected 22 gold pieces.

Inventory:

Hand Weapons
 a - a +0 hand axe (weapon)
Armour
 b - a +0 animal skin (worn)
Scrolls
 c - a scroll of immolation {unknown}
 e - a scroll of fog {unknown}
Potions
 d - a potion of mutation {unknown}


   Skills:
 + Level 3.1 Fighting
 + Level 2.8 Axes
 + Level 1.9 Armour
 + Level 2.0 Dodging


You couldn't memorise any spells.
You didn't know any spells.
Your spell library was empty.

Dungeon Overview and Level Annotations

Branches:
Dungeon (1/15)

Altars:


Message History

No target in view!
No target in view!
A quokka and a rat come into view.
Found a scroll labelled ITAOXZ UGYAT and a book of Necromancy.
There are monsters nearby!
There are monsters nearby!
A kobold comes into view. It is wielding a +0 short sword.
The kobold shouts!
A quokka comes into view.
The quokka closely misses you.
You barely miss the quokka. The quokka barely misses you. The quokka bites you.
You closely miss the quokka. The quokka completely misses you.
An endoplasm comes into view.
You closely miss the quokka.
The endoplasm quivers.
The quokka barely misses you.
An endoplasm comes into view.
The endoplasm quivers.
You hit the quokka.
The quokka is severely wounded.
You hit the rat.
You kill the rat!
Trog accepts your kill. The quokka closely misses you. The quokka misses you.
The quokka barely misses you.
You fail to use your ability.
The quokka closely misses you. The quokka bites you.
You hit the quokka.
You kill the quokka!
Trog accepts your kill.
You hit the quokka. The quokka bites you. x2
Your Dodging skill increases to level 2!
Unknown command.
You barely miss the kobold. You hit the quokka but do no damage.
A bat comes into view.
The kobold hits you with a +0 short sword.
The quokka bites you.
* * * LOW HITPOINT WARNING * * *
The kobold hits you with a +0 short sword.
You die...

#..#.⌠.#..##########
#..#...#..# #
#..##+##..#
#.†........
#.#######.# #.# #.#
#.# #.#######.#
#..@r......
###.K..?...
..JJ.:... #.........
#.........
#.........
#.........
##........


You could see 2 endoplasms, a quokka and a kobold.

Vanquished Creatures
  A bat (D:1)
  A goblin (D:1)
  A quokka (D:1)
  A frilled lizard (D:1)
  4 rats (D:1)
8 creatures vanquished.

Notes
Turn   | Place    | Note
-------+----------+-------------------------------------------
     0 | D:1      | KristoblXynda the Demonspawn Berserker began the quest for
                  | the Orb.
     0 | D:1      | Reached XP level 1. HP: 18/18 MP: 1/1
   162 | D:1      | Slain by a kobold

Illustrated notes

Levels and vault maps discovered:
D:1:      wheals_arrival_shading, layout_rooms, minmay_misc_feat_room,
          minmay_misc_feat_encased

Skill      XL: |  1 |
---------------+----+-----
Dodging        | 2 |  2.0
Fighting       | |  3.1
Axes           | |  2.8
Armour         | |  1.9

Action                   || total
-------------------------++-------
Melee: Hand axe          ||    18
Armor: Animal skin       ||     2
Dodge: Dodged            ||    15

Table legend: (Time is in decaauts)
 A = Elapsed time spent in this place.
 B = Non-inter-level travel time spent in this place.
 C = Inter-level travel time spent in this place.
 D = Time resting spent in this place.
 E = Time spent auto-exploring this place.
 F = Levels seen in this place.
 G = Mean time per level.
                   A        B        C        D        E       F      G
               +--------+--------+--------+--------+--------+-----+--------+
         Total |    164 |    164 |      0 |      0 |    120 |   1 |  164.0 |
       Dungeon |    164 |    164 |      0 |      0 |    120 |   1 |  164.0 |
               +--------+--------+--------+--------+--------+-----+--------+

Top non-repeatable levels by time:
     D:1: 164 daAuts
